 Dungeon Sprint DCSS version 0.23.2-30-g0e89c35649 (webtiles) character file.

Game seed: 15093724813702843236

1923 senseless the Fighter (level 8, -2/82 HPs)
             Began as a Minotaur Fighter on June 21, 2019.
             Was a High Priest of Qazlal.
             Slain by a tyrant leech (18 damage)
             ... in the Dungeon (Sprint VII: "The Pits").
             The game lasted 00:09:01 (642 turns).

senseless the Fighter (Minotaur Fighter)             Turns: 642, Time: 00:09:02

Health: -2/82      AC: 25    Str: 21    XL:     8   Next: 96%
Magic:  7/7        EV: 11    Int:  5    God:    Qazlal [*****.]
Gold:   0          SH: 20    Dex: 15    Spells: 7/7 levels left

rFire    . . .     SeeInvis .   r - +2 long sword (flame)
rCold    . . .     Gourm    .   c - +0 shield
rNeg     . . .     Faith    .   A - +3 plate armour
rPois    .         Spirit   .   (helmet restricted)
rElec    .         Reflect  .   y - +0 cloak
rCorr    .         Harm     .   x - +0 pair of gloves
MR       .....     NoTele   +   z - +0 pair of boots
Stlth    ..........             (no amulet)
HPRegen  0.23/turn              u - +3 ring of protection
MPRegen  0.10/turn              w - +3 ring of dexterity

@: repel missiles
A: retaliatory headbutt, horns 2
a: Upheaval, Elemental Force, Disaster Area, Renounce Religion


You were in the Dungeon.
You worshipped Qazlal.
Qazlal was extremely pleased with you.
You were not hungry.

You visited 1 branch

Inventory:

Hand Weapons
 a - a +0 long sword
 l - a +2 falchion of venom
 r - a +2 long sword of flaming (weapon)
Armour
 b - a +0 scale mail
 c - a +0 shield (worn)
 s - a +3 chain mail
 x - a +0 pair of gloves (worn)
 y - a +0 cloak (worn)
 z - a +0 pair of boots (worn)
 A - a +3 plate armour (worn)
Jewellery
 u - a +3 ring of protection (left hand)
 w - a +3 ring of dexterity (right hand)
Scrolls
 k - a scroll of blinking
 n - 3 scrolls of remove curse
 o - 5 scrolls of amnesia
 p - a scroll of summoning
Potions
 d - 2 potions of might
 e - 5 potions of curing
 g - 10 potions of heal wounds
 h - a potion of haste
 i - 4 potions of magic
 j - 5 potions of berserk rage
 m - 2 potions of invisibility
 t - 2 potions of brilliance
 v - a potion of agility
Comestibles
 f - 9 rations
 q - 8 chunks of flesh


   Skills:
 + Level 11.3 Fighting
 + Level 11.0 Long Blades
 + Level 11.3 Armour
 + Level 9.8 Dodging
 + Level 11.3 Shields


You had 7 spell levels left.
You didn't know any spells.
Your spell library was empty.

Dungeon Overview and Level Annotations

Branches:
Dungeon (1/1)

Altars:
Ashenzari
Cheibriados
Dithmenos
Elyvilon
Fedhas
Gozag
Hepliaklqana
Kikubaaqudgha
Makhleb
Nemelex Xobeh
Okawaru
Qazlal
Ru
Sif Muna
Trog
Uskayaw
Vehumet
Wu Jian
Xom
Yredelemnul
Zin
The Shining One
Beogh
Jiyva
Lugonu


Innate Abilities, Weirdness & Mutations

You reflexively headbutt those who attack you in melee.
You have a pair of horns on your head.


Message History

The tyrant leech is engulfed in blazing flames.
The tyrant leech bites you!
The tyrant leech draws strength from your injuries!
You hit the ice devil but do no damage. You headbutt the ice devil.
You kill the ice devil!
Qazlal accepts your kill.
Your Long Blades skill increases to level 11!
The tyrant leech bites you!
* * * LOW HITPOINT WARNING * * *
The tyrant leech draws strength from your injuries!
You barely miss the tyrant leech.
The tyrant leech is heavily wounded.
You slash the tyrant leech! You burn the tyrant leech.
The tyrant leech is severely wounded.
You block the tyrant leech's attack.
You hit the tyrant leech. You burn the tyrant leech.
You headbutt the tyrant leech.
The tyrant leech is almost dead.
The tyrant leech bites you!!
You die...

###'##................# ..#
))'.##......#..#......##..#
###.##................++..#
.....'................++..#
'#####......#..#......##......
.#..##................# .....
.'..#####'#####''###### ####
##'###.......##°○#
.÷..##.......##.@#
....##.......##.w#
'#####...<...##°.#
))..##.......##..#
.)..##.......##..#
######.......##...
.#..###########...
.#.############...
.#.#....#....#


You could see a tyrant leech.

Vanquished Creatures
  A cyclops (D)
  An ice devil (D)
  A jumping spider (D)
  Prince Ribbit (D)
  A flying skull (D)
  Edmund (D)
  A soldier ant (D)
  A water moccasin (D)
  An ice beast (D)
  A phantom (D)
  A big kobold (D)
  A bullfrog (D)
  A worker ant (D)
  A river rat (D)
  An ufetubus (D)
  An ooze (D)
  4 leopard geckos (D)
  A giant cockroach (D)
  A hobgoblin (D)
  2 ball pythons (D)
  A bat (D)
  2 frilled lizards (D)
27 creatures vanquished.

Notes
Turn   | Place    | Note
-------+----------+-------------------------------------------
     0 | D        | senseless the Minotaur Fighter began the quest for the Orb.
     0 | D        | Reached XP level 1. HP: 19/19 MP: 0/0
    15 | D        | Found a bloodstained altar of Trog.
    15 | D        | Found a deep blue altar of Sif Muna.
    15 | D        | Found a viscous altar of Jiyva.
    15 | D        | Found a hazy altar of Hepliaklqana.
    15 | D        | Found an opulent altar of Gozag.
    16 | D        | Found a glowing golden altar of the Shining One.
    16 | D        | Found a glowing silver altar of Zin.
    16 | D        | Found a basalt altar of Yredelemnul.
    16 | D        | Found a shimmering altar of Xom.
    16 | D        | Found an ornate altar of the Wu Jian Council.
    16 | D        | Found a sacrificial altar of Ru.
    16 | D        | Found a stormy altar of Qazlal.
    16 | D        | Found an iron altar of Okawaru.
    16 | D        | Found a sparkling altar of Nemelex Xobeh.
    16 | D        | Found a burning altar of Makhleb.
    16 | D        | Found a blossoming altar of Fedhas.
    16 | D        | Found a white marble altar of Elyvilon.
    16 | D        | Found a shadowy altar of Dithmenos.
    16 | D        | Found a snail-covered altar of Cheibriados.
    17 | D        | Found a radiant altar of Vehumet.
    17 | D        | Found a corrupted altar of Lugonu.
    17 | D        | Found a roughly hewn altar of Beogh.
    18 | D        | Found a hide-covered altar of Uskayaw.
    18 | D        | Found an ancient bone altar of Kikubaaqudgha.
    18 | D        | Found a shattered altar of Ashenzari.
    29 | D        | Became a worshipper of Qazlal Stormbringer
    63 | D        | Reached skill level 1 in Dodging
    74 | D        | Reached * piety under Qazlal
   135 | D        | Reached XP level 2. HP: 26/28 MP: 1/1
   137 | D        | Reached ** piety under Qazlal
   183 | D        | Reached skill level 5 in Fighting
   183 | D        | Reached skill level 5 in Armour
   183 | D        | Reached skill level 5 in Shields
   183 | D        | Reached XP level 3. HP: 15/36 MP: 2/2
   371 | D        | Noticed a bullfrog
   371 | D        | Noticed a flying skull
   371 | D        | Noticed a water moccasin
   373 | D        | Noticed Edmund
   373 | D        | Noticed a phantom
   379 | D        | Killed a bullfrog
   379 | D        | Reached *** piety under Qazlal
   379 | D        | Reached skill level 5 in Long Blades
   379 | D        | Reached XP level 4. HP: 38/44 MP: 3/3
   385 | D        | Killed a flying skull
   385 | D        | Reached skill level 5 in Dodging
   385 | D        | Reached XP level 5. HP: 45/52 MP: 4/4
   385 | D        | Reached XP level 6. HP: 52/60 MP: 5/5
   392 | D        | Killed a water moccasin
   403 | D        | Killed Edmund
   414 | D        | Reached **** piety under Qazlal
   414 | D        | Reached XP level 7. HP: 61/70 MP: 6/6
   438 | D        | Noticed a cyclops
   444 | D        | Killed a cyclops
   444 | D        | Reached skill level 10 in Fighting
   444 | D        | Reached skill level 10 in Armour
   444 | D        | Reached skill level 10 in Shields
   449 | D        | Noticed Prince Ribbit
   451 | D        | Reached ***** piety under Qazlal
   455 | D        | Killed Prince Ribbit
   455 | D        | Reached skill level 10 in Long Blades
   455 | D        | Reached XP level 8. HP: 75/80 MP: 7/7
   471 | D        | Noticed a jumping spider
   477 | D        | Killed a jumping spider
   628 | D        | Noticed a tyrant leech
   629 | D        | Noticed an ice devil
   639 | D        | Killed an ice devil
   642 | D        | Slain by a tyrant leech

Skill      XL: |  1  2  3  4  5  6  7  8 |
---------------+-------------------------+-----
Dodging        | 1 3 4 5 7 8 9 |  9.8
Fighting       | 4 5 6 7 9 10 11 | 11.3
Armour         | 4 5 6 7 9 10 11 | 11.3
Shields        | 4 5 6 7 9 10 11 | 11.3
Long Blades    | 3 4 5 7 8 10 11 | 11.0

Action                   |  1- 3 |  4- 6 |  7- 9 || total
-------------------------+-------+-------+-------++-------
Melee: Falchion          |    12 |       |       ||    12
       Headbutt          |     3 |     8 |    20 ||    31
       Long sword        |    11 |    35 |    46 ||    92
  Use: Potion            |     1 |       |       ||     1
Armor: Scale mail        |     5 |       |       ||     5
       Chain mail        |     5 |    11 |     7 ||    23
Dodge: Dodged            |     6 |     5 |    10 ||    21
Block: Shield            |    13 |    21 |    21 ||    55
       Rpst.: Falchion   |     2 |       |       ||     2
       Long sword        |     1 |     1 |     3 ||     5
